 Dungeon Crawl Stone Soup version 0.28-a0-1087-gf3fc490d9d (console) character file.

Game seed: 8694467171524396883

62907 petzl the Fighter (level 15, -22/109 HPs)
             Began as an Octopode Arcane Marksman on Dec 11, 2021.
             Was an Elder of Vehumet.
             Shot with an arrow by a centaur warrior (27 damage)
             ... on level 14 of the Dungeon.
             The game lasted 03:22:50 (29871 turns).

petzl the Fighter (Octopode Arcane Marksman)       Turns: 29871, Time: 03:22:50

Health: -22/109    AC:  2    Str: 24    XL:     15   Next: 7%
Magic:  29/29      EV: 14    Int: 31    God:    Vehumet [****..]
Gold:   1271       SH:  0    Dex: 12    Spells: 2/35 levels left

rFire   + + .      SeeInvis .   b - +5 quarterstaff {spect, rF++ Int-2}
rCold   + . .      Faith    .   (shield currently unavailable)
rNeg    . . .      Spirit   .   w - +1 hat of Qefacebu {Will+}
rPois   .          Reflect  .   I - amulet of regeneration
rElec   .          Harm     .   n - ring of resist corrosion
rCorr   +          Rampage  .   s - +6 ring of intelligence
Will    +++..                   A - +6 ring of strength
Stlth   +++++.....              o - ring of flight
HPRegen 1.08/turn               V - ring of wizardry
MPRegen 0.21/turn               F - ring of willpower
                                h - +6 ring of intelligence
                                M - +6 ring of strength

@: flying, invisible
A: almost no armour, amphibious, 8 rings, camouflage 1, gelatinous body 1,
(nimble swimmer 1), tentacles, cold resistance 1, passive freeze, subdued magic
1
a: Renounce Religion


You were on level 14 of the Dungeon.
You worshipped Vehumet.
Vehumet was greatly pleased with you.
You visited 5 branches of the dungeon, and saw 23 of its levels.
You also visited: Sewer.

You collected 2446 gold pieces.
You spent 1175 gold pieces at shops.

Inventory:

Hand Weapons
 a - a +2 hand crossbow
 b - the +5 quarterstaff of Weoll (weapon) {spect, rF++ Int-2}
   (You found it on level 3 of the Lair of Beasts)

   When its wielder attacks, the weapon's spirit leaps out and strikes again.
   The spirit shares a part of any damage it takes with its wielder.
   Int:       It affects your intelligence (-2).
   rF:        It greatly protects you from fire.
 c - a +0 spear of venom {!f =f}
 d - the +3 falchion of the Hummingbird {vorpal, rCorr}
   (You found it on level 4 of the Dungeon)

   It inflicts extra damage upon your enemies.
   rCorr:     It protects you from acid and corrosion.
 t - a +0 mace of holy wrath
 O - a +3 scimitar of flaming
 W - the +12 battleaxe "Ygixim" {freeze, rC+ Str-2 SInv, !f =f}
   (You found it on level 5 of the Lair of Beasts)

   It freezes those it strikes, dealing additional cold damage.
   It can also slow down cold-blooded creatures.
   Str:       It affects your strength (-2).
   rC:        It protects you from cold.
   SInv:      It lets you see invisible.
 Y - a +0 eveningstar of flaming
Missiles
 j - 97 poisoned darts (quivered)
 y - 99 bolts
 Z - 7 silver javelins
Armour
 w - the +1 hat of Qefacebu (worn) {Will+}
   (You found it on level 13 of the Dungeon)

   Will:      It increases your willpower.
 G - a +0 kite shield
Jewellery
 g - a +6 ring of intelligence
 h - a +6 ring of intelligence (on tentacle)
 n - a ring of resist corrosion (left tentacle)
 o - a ring of flight (on tentacle)
 s - a +6 ring of intelligence (right tentacle)
 A - a +6 ring of strength (on tentacle)
 F - a ring of willpower (on tentacle)
 I - an amulet of regeneration (around mantle)
 M - a +6 ring of strength (on tentacle)
 V - a ring of wizardry (on tentacle)
Wands
 f - a wand of polymorph (18)
 m - a wand of digging (11)
 J - a wand of iceblast (14)
 K - a wand of mindburst (6)
 L - a wand of paralysis (6)
Scrolls
 i - 2 scrolls of holy word
 l - 5 scrolls of enchant armour
 u - 8 scrolls of magic mapping
 v - a scroll of torment
 x - 6 scrolls of vulnerability
 C - 7 scrolls of teleportation
 D - 6 scrolls of immolation
 E - 2 scrolls of silence
 Q - a scroll of fog
 S - a scroll of identify
 U - a scroll of fear
Potions
 k - 4 potions of flight
 p - 2 potions of might
 q - 2 potions of lignification
 r - 2 potions of berserk rage
 z - 2 potions of brilliance
 B - a potion of attraction
 N - 4 potions of mutation
 R - 5 potions of curing
 T - a potion of haste


   Skills:
 + Level 12.5 Fighting
 - Level 1.1(1.9) Maces & Flails
 - Level 2.0(2.5) Polearms
 - Level 2.4(3.0) Staves
 - Level 5.0 Crossbows
 - Level 4.0 Dodging
 - Level 10.0 Stealth
 - Level 10.9 Spellcasting
 - Level 11.0 Conjurations
 - Level 3.0 Hexes
 - Level 4.0 Summonings
 - Level 4.0 Fire Magic
 - Level 6.0 Ice Magic
 - Level 5.0 Air Magic
 - Level 8.0 Earth Magic
 - Level 6.0 Poison Magic
 - Level 3.0 Evocations


You had 2 spell levels left.
You knew the following spells:

 Your Spells              Type           Power      Damage    Failure   Level
a - Slow                  Hex            100%       N/A       1%          1
b - Poisonous Vapours     Pois/Air       78%        N/A       1%          2
c - Magic Dart            Conj           100%       1d8       0%          1
d - Freeze                Ice            100%       1d11      1%          1
e - Iron Shot             Conj/Erth      27%        9d6       1%          6
f - Conjure Flame         Conj/Fire      48%        6-21      1%          3
l - Freezing Cloud        Conj/Ice/Air   24%        6-21      1%          5
m - Mephitic Cloud        Conj/Pois/Air  48%        N/A       1%          3
s - Sticky Flame          Conj/Fire      48%        2d7       1%          4
D - Call Canine Familiar  Summ           32%        N/A       1%          3
T - Olgreb's Toxic Radia  Pois           41%        N/A       1%          4

Your spell library contained the following spells:

 Spells                   Type           Power      Damage    Failure   Level
 Airstrike                Air            18%        N/A       1%          4
 Beastly Appendage        Tmut           26%        N/A       1%          1
 Summon Small Mammal      Summ           100%       N/A       1%          1
 Call Imp                 Summ           32%        N/A       1%          2
 Corpse Rot               Necr/Air       50%        N/A       1%          2
 Ensorcelled Hibernation  Hex/Ice        68%        N/A       1%          2
 Static Discharge         Conj/Air       50%        N/A       1%          2
 Wereblood                Tmut           13%        N/A       1%          2
 Ignite Poison            Fire/Tmut/Pois 28%        N/A       1%          3
 Inner Flame              Hex/Fire       29%        N/A       1%          3
 Portal Projectile        Hex/Tloc       40%        N/A       1%          3
 Spider Form              Tmut/Pois      27%        N/A       1%          3
 Summon Guardian Golem    Hex/Summ       29%        N/A       1%          3
 Tukima's Dance           Hex            27%        N/A       1%          3
 Leda's Liquefaction      Hex/Erth       19%        N/A       1%          4
 Lee's Rapid Deconstruct  Erth           25%        3d15*     1%          5
 Conjure Ball Lightning   Conj/Air       25%        3x3d7     1%          6
 Gell's Gravitas          Tloc           13%        N/A       2%          3
 Teleport Other           Tloc           13%        N/A       2%          3
 Cause Fear               Hex            13%        N/A       2%          4
 Dispel Undead            Necr           13%        3d9       11%         4
 Blade Hands              Tmut           6%         N/A       28%         5
 Statue Form              Tmut/Erth      21%        N/A       30%         6
 Dispersal                Tloc           6%         N/A       83%         6
 Discord                  Hex            13%        N/A       100%        8
 Disjunction              Tloc           6%         N/A       100%        8
 Animate Armour           Summ/Erth      Unusable   N/A       N/A         4

Dungeon Overview and Level Annotations

Branches:
Dungeon (14/15)            Temple (1/1) D:5            Lair (6/6) D:8
 Shoals (1/4) Lair:2       Spider (1/4) Lair:4        Slime (0/5) Lair:6
    Orc (0/2) D:11          Sewer (visited)
 Vaults: D:13-14

Altars:
Ashenzari
Cheibriados
Dithmenos
Elyvilon
Fedhas
Gozag
Hepliaklqana
Kikubaaqudgha
Makhleb
Nemelex Xobeh
Okawaru
Qazlal
Ru
Sif Muna
Trog
Uskayaw
Vehumet
Wu Jian
Xom
Yredelemnul
Zin
The Shining One

Shops:
D:4 :   D:6 :[[(?   D:11 [

Annotations:
D:10 exclusion: downstairs
D:13 exclusion: downstairs
Lair:3 2 transporters, exclusion: downstairs, Buacuz's ghost, journeyman NaWn
Lair:4 exclusion: 2 downstairs
Lair:5 exclusion: 2 downstairs
Spider:1 Donald


Innate Abilities, Weirdness & Mutations

You cannot wear most types of armour.
You are amphibious.
You can wear up to eight rings at the same time.
Your skin changes colour to match your surroundings (Stealth+).
Your rubbery body absorbs attacks. (AC +1, EV +1)
((You are camouflaged near water. (Stealth+)))
You have tentacles for arms and can constrict up to eight enemies at once.
Your flesh is cold resistant. (rC+)
A frigid envelope surrounds you and freezes all who hurt you.
Your spells are a little easier to cast, but a little less powerful.


Message History

You sock the slime creature!
You kill the slime creature!
Vehumet accepts your kill.
You feel your power returning.
You start resting.
Magic restored.
A centaur warrior comes into view.
The centaur warrior shouts!
The centaur warrior wields a +0 shortbow.
The centaur warrior shoots an arrow.
The arrow hits you!
The centaur warrior shoots an arrow.
The arrow misses you.
The centaur warrior shoots an arrow.
The arrow hits you!
The centaur warrior shoots an arrow.
The arrow hits you!!
The centaur warrior shoots an arrow.
The arrow hits you!
The centaur warrior shoots an arrow.
The arrow hits you!!
* * * LOW HITPOINT WARNING * * *
You feel much better.
The centaur warrior shoots an arrow.
The arrow hits you!!
* * * LOW HITPOINT WARNING * * *
The centaur warrior enters a dispersal trap!
You blink.
Found a scroll of acquirement.
The centaur warrior blinks!
The centaur warrior shoots an arrow.
The arrow hits you!!
* * * LOW HITPOINT WARNING * * *
Okay, then.
Unknown command.
Unknown command.
Unknown command.
Unknown command.
Okay, then.
Okay, then.
Unknown command.
Unknown command.
Press: ? - help, v - describe, . - travel
Here: a centaur warrior, wielding a +0 shortbow and quivering arrows The floor.
Unknown command.
You fade into invisibility!
The centaur warrior shoots an arrow.
There is a stone staircase leading down here.
The centaur warrior shoots an arrow.
The arrow hits you!
* * * LOW HITPOINT WARNING * * *
The centaur warrior shoots an arrow.
The arrow hits you!!
You die...

#.............###.## #.#
#............# #..###### ...#
##...........####...#...## ...
#.....<......##.#........#
#...##......................##
#...................#..#..###
#(##...............##....#
#....####...........#...##
#.....###.#........##...#
###.....#####....#......#####
#.#####.............#####.....#...#
.....................###..........#
.........##...........##......##.##
.#####..###..........##.c........#?
##..# ..........#.............
#..<# ........................
#......#......................
###....##................^....
...###.(...@>............... ....
##.....(...............
###..#.......................
..#......................#
.......................##
......................
.....................
#.##...............# .. ....... ..
... #.....♣♣.. ##.. #.......⌠.
....##........♣


You could see a centaur warrior.

Vanquished Creatures
  2 fire dragons (Lair:6)
  Erica (D:8)
  A boulder beetle (Lair:4)
  A centaur warrior (D:14)
  8 hydras
  A two-headed ogre (D:10)
  17 death yaks
  Urug (Lair:5)
  Pikel (D:8)
  A swamp dragon (Lair:6)
  An orc knight (D:13)
  An orb spider (Spider:1)
  2 lindwurms (Lair:6)
  A deep elf pyromancer (D:13)
  4 oklob plants (Lair:3)
  2 ugly things
  2 orc sorcerers
  A cyclops (D:14)
  A merfolk siren (Lair:2)
  A black mamba (Lair:2)
  4 elephants (Lair:4)
  Joseph (D:8)
  5 torpor snails (Lair:6)
  A torpor snail (shapeshifter) (D:13)
  Maggie (D:10)
  2 gargoyles
  11 komodo dragons
  14 cane toads
  5 rime drakes
  2 tengu conjurers (D:13)
  3 jumping spiders
  2 merfolk (Lair:2)
  2 trolls
  3 meliai (D:13)
  6 hornets (Lair:6)
  3 tyrant leeches (Lair:6)
  13 blink frogs
  4 slime creatures
  4 dream sheep (Lair:6)
  3 redbacks
  2 shadows
  35 yaks
  A vampire (D:10)
  2 wraiths
  3 wyverns (Lair:4)
  The ghost of siradein the Skirmisher, an amateur DrFi (D:3)
  9 basilisks
  3 steam dragons
  3 vampire mosquitoes
  A swamp worm (D:7)
  2 acid dragons
  7 water moccasins
  7 orc warriors
  A sky beast (D:5)
  A black bear (Lair:4)
  3 necrophages
  An ogre (D:13)
  8 centaurs
  4 lemures (D:8)
  2 kobold brigands
  10 bullfrogs
  3 scorpions
  15 killer bees
  11 wights
  2 water moccasin skeletons
  A howler monkey (D:12)
  4 centaur zombies
  7 jellies
  2 centaur skeletons
  4 hounds
  A gnoll shaman (D:4)
  4 orc priests
  2 bullfrog skeletons (D:3)
  9 iguanas
  12 orc wizards
  A howler monkey zombie (D:9)
  Robin (D:2)
  8 gnolls
  6 adders
  A river rat (D:3)
  A shadow imp (D:5)
  2 white imps
  An ufetubus (D:4)
  4 worms
  25 orcs
  7 endoplasms
  8 giant cockroaches
  10 goblins
  11 hobgoblins
  5 jackals
  17 kobolds
  2 quokkas
  5 ball pythons
  12 bats
  A frilled lizard (D:2)
  4 rats
454 creatures vanquished.

Vanquished Creatures (others)
  30 fungi
  99 plants
129 creatures vanquished.

Grand Total: 583 creatures vanquished

Notes
Turn   | Place    | Note
-------+----------+-------------------------------------------
     0 | D:1      | petzl the Octopode Arcane Marksman began the quest for the
                  | Orb.
     0 | D:1      | Reached XP level 1. HP: 13/13 MP: 2/2
   129 | D:1      | Reached skill level 1 in Stealth
   187 | D:1      | Reached XP level 2. HP: 18/18 MP: 3/3
   589 | D:1      | Found a faded altar of an unknown god.
  1014 | D:2      | Reached XP level 3. HP: 10/23 MP: 4/4
  1483 | D:2      | Noticed Robin
  1744 | D:3      | Reached skill level 1 in Maces & Flails
  1789 | D:3      | Reached XP level 4. HP: 19/28 MP: 5/5
  1890 | D:3      | Found a runed translucent gate.
  1891 | D:3      | Found a runed translucent gate.
  1929 | D:3      | Found a runed translucent gate.
  1931 | D:3      | Noticed siradein's ghost (amateur DrFi)
  2120 | D:3      | Found a glowing drain.
  2124 | Sewer    | Entered a sewer
  2214 | Sewer    | Noticed a water moccasin
  2223 | Sewer    | Killed a water moccasin
  2224 | Sewer    | Reached skill level 2 in Fighting
  2224 | Sewer    | Reached XP level 5. HP: 25/34 MP: 5/8
  3037 | D:2      | Killed Robin
  3038 | D:2      | Reached XP level 6. HP: 38/39 MP: 9/9
  3448 | D:4      | Noticed a necrophage
  3514 | D:4      | You fall into a shaft and drop 1 floor!
  3514 | D:5      | Entered Level 5 of the Dungeon
  3849 | D:5      | Noticed a sky beast
  4193 | D:4      | Reached skill level 1 in Evocations
  4197 | D:4      | Reached skill level 1 in Polearms
  4205 | D:4      | Reached XP level 7. HP: 37/45 MP: 8/11
  4359 | D:4      | Identified the +3 falchion of the Hummingbird {vorpal,
                  | rCorr}
  4392 | D:4      | Found Legut's Book Shoppe.
  4403 | D:4      | Bought a book of Minor Magic for 180 gold pieces
  4405 | D:4      | Learned a level 1 spell: Magic Dart
  4409 | D:4      | Learned a level 3 spell: Mephitic Cloud
  4765 | D:5      | Reached skill level 1 in Conjurations
  4765 | D:5      | Reached skill level 1 in Air Magic
  4765 | D:5      | Reached skill level 1 in Poison Magic
  5175 | D:5      | Reached XP level 8. HP: 37/51 MP: 7/12
  5648 | D:5      | Found a staircase to the Ecumenical Temple.
  5667 | Temple   | Entered the Ecumenical Temple
  5772 | Temple   | Became a worshipper of Vehumet
  6071 | D:6      | Found Boneat's Magic Scroll Emporium.
  6079 | D:6      | Bought a scroll of teleportation for 33 gold pieces
  6079 | D:6      | Bought a scroll of identify for 22 gold pieces
  6084 | D:6      | Bought a scroll of noise for 11 gold pieces
  6084 | D:6      | Bought a scroll of identify for 22 gold pieces
  7139 | D:6      | Found Urpheos's Weapon Shop.
  7140 | D:6      | Found Sois's Antique Armour Emporium.
  7170 | D:6      | Reached skill level 5 in Poison Magic
  7170 | D:6      | Found Sidyus's Antique Armour Emporium.
  7404 | D:6      | Found Daafy's Book Shop.
  7520 | D:6      | Bought a scroll of identify for 22 gold pieces
  7764 | D:7      | Noticed an orc sorcerer
  8040 | D:8      | Reached XP level 9. HP: 55/55 MP: 13/13
  8642 | D:7      | Reached skill level 3 in Fighting
  8928 | D:8      | Noticed Joseph
  9154 | D:7      | Paralysed by an orc sorcerer for 7 turns
  9155 | D:7      | Killed an orc sorcerer
  9156 | D:7      | Reached skill level 5 in Stealth
  9156 | D:7      | Reached skill level 5 in Air Magic
  9400 | D:8      | Reached skill level 5 in Conjurations
  9888 | D:8      | Noticed Erica
 10248 | D:8      | Learned a level 3 spell: Call Canine Familiar
 10423 | D:8      | Reached skill level 1 in Summonings
 10516 | D:8      | Found a staircase to the Lair.
 10555 | D:8      | Killed Joseph
 10556 | D:8      | Reached XP level 10. HP: 42/63 MP: 12/16
 10645 | D:8      | Noticed Pikel
 10656 | D:8      | Killed Pikel
 10657 | D:8      | Reached skill level 4 in Fighting
 10899 | D:8      | Killed Erica
 10900 | D:8      | Reached skill level 5 in Crossbows
 11342 | D:9      | Reached * piety under Vehumet
 11342 | D:9      | Offered knowledge of Freeze by Vehumet.
 11724 | D:9      | Found an ornate altar of the Wu Jian Council.
 12201 | D:10     | Entered Level 10 of the Dungeon
 12201 | D:10     | Noticed Maggie
 12201 | D:10     | Noticed a two-headed ogre
 12417 | D:9      | Reached skill level 5 in Spellcasting
 12553 | D:9      | Identified a scroll of acquirement
 12661 | D:4      | Acquired 608 gold pieces
 12663 | D:4      | Bought a book of Touch for 260 gold pieces
 12663 | D:4      | Bought a book of Vapours for 120 gold pieces
 12666 | D:4      | Learned a level 2 spell: Poisonous Vapours
 12671 | D:4      | Learned a level 4 spell: Sticky Flame
 12673 | D:4      | Learned a level 1 spell: Freeze
 12769 | D:6      | Bought a book of Iron for 396 gold pieces
 12835 | D:7      | Reached skill level 5 in Fighting
 13111 | D:3      | Killed siradein's ghost
 13111 | D:3      | Reached ** piety under Vehumet
 13112 | D:3      | Reached skill level 1 in Fire Magic
 13227 | D:6      | Bought a scroll of magic mapping for 38 gold pieces
 13227 | D:6      | Bought a scroll of magic mapping for 38 gold pieces
 13227 | D:6      | Bought a scroll of teleportation for 33 gold pieces
 13395 | D:10     | HP: 2/66 [centaur/arrow (8)]
 13480 | D:10     | Offered knowledge of Sandblast by Vehumet.
 13605 | D:10     | Reached XP level 11. HP: 49/72 MP: 11/18
 13803 | D:10     | Killed a two-headed ogre
 14270 | D:11     | Noticed a four-headed hydra
 14407 | D:10     | Learned a level 6 spell: Iron Shot
 14540 | D:10     | Killed Maggie
 14774 | D:11     | Noticed an eight-headed hydra
 14824 | D:10     | Reached skill level 1 in Earth Magic
 15142 | Lair:1   | Entered Level 1 of the Lair of Beasts
 15171 | Lair:1   | Offered knowledge of Stone Arrow by Vehumet.
 15172 | Lair:1   | Reached skill level 6 in Fighting
 15399 | Lair:1   | Noticed an eight-headed hydra
 16031 | Lair:2   | Reached skill level 5 in Earth Magic
 16228 | Lair:3   | Noticed an eight-headed hydra
 16245 | Lair:3   | Noticed an oklob plant
 16397 | Lair:3   | Found a bloodstained altar of Trog.
 16450 | Lair:3   | Found a transporter.
 16456 | Lair:3   | Noticed a moth of wrath
 16457 | Lair:3   | Found a transporter.
 16466 | Lair:3   | Noticed Buacuz's ghost (journeyman NaWn)
 17034 | Lair:2   | Noticed an eight-headed hydra
 17056 | Lair:2   | Reached XP level 12. HP: 62/79 MP: 15/21
 17060 | Lair:2   | Reached *** piety under Vehumet
 17436 | Lair:2   | Gained mutation: You are strong-willed. (Will+) [potion of
                  | mutation]
 17436 | Lair:2   | Gained mutation: Your body sometimes deteriorates upon
                  | taking damage. [potion of mutation]
 17437 | Lair:2   | Lost mutation: Your body sometimes deteriorates upon taking
                  | damage. [potion of mutation]
 17437 | Lair:2   | Lost mutation: You are strong-willed. (Will+) [potion of
                  | mutation]
 17437 | Lair:2   | Gained mutation: A frigid envelope surrounds you and
                  | freezes all who hurt you. [potion of mutation]
 17437 | Lair:2   | Gained mutation: Your flesh is cold resistant. (rC+)
                  | [potion of mutation]
 17437 | Lair:2   | Gained mutation: Your spells are a little easier to cast,
                  | but a little less powerful. [potion of mutation]
 17717 | Lair:2   | Found a staircase to the Shoals.
 17750 | Shoals:1 | Entered Level 1 of the Shoals
 18185 | Lair:4   | Noticed a boulder beetle
 18364 | Lair:4   | Noticed a seven-headed hydra
 18388 | Lair:4   | Noticed a death yak
 18432 | Lair:4   | Found a hole to the Spider Nest.
 18448 | Lair:4   | Reached skill level 1 in Ice Magic
 19018 | Lair:4   | Killed a boulder beetle
 19126 | Lair:4   | Offered knowledge of Olgreb's Toxic Radiance by Vehumet.
 19136 | Lair:4   | Learned a level 4 spell: Olgreb's Toxic Radiance
 19272 | Lair:4   | Noticed a death yak
 19274 | Lair:4   | Noticed a death yak
 19276 | Lair:4   | Noticed a death yak
 19333 | Lair:4   | Noticed a death yak
 19392 | Lair:3   | Killed an eight-headed hydra
 19898 | Lair:3   | Reached skill level 7 in Fighting
 20246 | Lair:3   | Reached skill level 10 in Stealth
 20393 | Lair:3   | Identified the +5 quarterstaff of Weoll {spect, rF++ Int-2}
 20613 | Lair:4   | Killed a death yak
 20614 | Lair:4   | Reached XP level 13. HP: 86/86 MP: 3/24
 20870 | Lair:5   | Noticed Urug
 20876 | Lair:5   | Killed Urug
 21033 | Lair:5   | Identified the +12 battleaxe "Ygixim" {freeze, rC+ Str-2
                  | SInv}
 21192 | Lair:5   | Reached skill level 8 in Fighting
 21754 | Spider:1 | Entered Level 1 of the Spider Nest
 21760 | Spider:1 | Reached skill level 1 in Staves
 21760 | Spider:1 | Noticed Donald
 22320 | Lair:6   | Entered Level 6 of the Lair of Beasts
 22455 | Lair:6   | Reached **** piety under Vehumet
 22815 | Lair:6   | Reached skill level 9 in Fighting
 23135 | Lair:6   | Offered knowledge of Freezing Cloud by Vehumet.
 23150 | Lair:6   | Learned a level 5 spell: Freezing Cloud
 23392 | Lair:6   | Found a staircase to the Slime Pits.
 23647 | Lair:6   | Reached skill level 10 in Fighting
 23647 | Lair:6   | Reached XP level 14. HP: 99/99 MP: 11/27
 23695 | Lair:6   | Reached skill level 5 in Ice Magic
 24066 | Lair:6   | Reached skill level 10 in Spellcasting
 24154 | Lair:6   | Reached ***** piety under Vehumet
 24175 | Lair:6   | Offered knowledge of Airstrike by Vehumet.
 24546 | Lair:6   | Identified the +1 robe "Dukhluqama" {Str+4 Slay+3}
 24677 | Lair:6   | Found a runed translucent door.
 24750 | Lair:6   | Reached skill level 10 in Conjurations
 26283 | Lair:1   | Reached skill level 11 in Fighting
 26664 | D:11     | Found a radiant altar of Vehumet.
 26712 | D:11     | Found Pollostronu's Antique Armour Shoppe.
 26895 | D:11     | Found a staircase to the Orcish Mines.
 28019 | D:12     | Learned a level 3 spell: Conjure Flame
 28812 | D:13     | Reached skill level 12 in Fighting
 28844 | D:13     | Identified the +1 hat of Qefacebu {Will+}
 29222 | D:13     | Reached XP level 15. HP: 108/108 MP: 24/29
 29861 | D:14     | HP: 3/109 [centaur warrior/arrow (21)]
 29871 | D:14     | HP: 5/109 [centaur warrior/arrow (9)]
 29871 | D:14     | Shot with an arrow by a centaur warrior

Illustrated notes

Levels and vault maps discovered:
D:1:      dpeg_arrival_boxorama, layout_basic,
          shapermc_ecumenical_altar_mp_ritualfount, serial_forest,
          infiniplex_forest_straight_1, infiniplex_forest_clump_small,
          infiniplex_forest_clump_C, infiniplex_forest_diagonal,
          infiniplex_forest_clump_tiny, infiniplex_forest_clump_double,
          infiniplex_forest_end_2, minmay_pentomino_t2
D:2:      layout_loops_ring, uniq_robin
D:3:      layout_rooms, gammafunk_ghost_necromancy, gup_sewer_entry_spiral,
          minmay_misc_feat_doors, chequers_serial_rivers_marsh
D:4:      layout_rooms, serial_shops, shop, nicolae_grassy_gnolls
D:5:      layout_basic, minmay_temple_entry_drinking_statues, item_on_display_a
D:6:      layout_basic, serial_shops, nicolae_shop_stone, shop,
          nicolae_shop_bloodbath_and_beyond, nicolae_shop_window_shopping,
          nicolae_shop_competitors_out_of_business
D:7:      cheibrodos_wizards_tower, layout_loops_ring, hangedman_decor_riveting,
          minmay_door_square, worms_lemuel
D:8:      layout_layer_cave, lair_entry_dummy, uniq_erica, uniq_pikel,
          uniq_joseph
D:9:      layout_loops_ring, mainiacjoe_overflow_cross_hatched
D:10:     layout_small_grid, billiards_dpeg, uniq_maggie
D:11:     layout_rooms, orc_0_dummy, serial_shops, nicolae_shop_stone,
          chequers_serial_rivers_micro_e, vehumet_crystals
D:12:     layout_layer_cave
D:13:     layout_roguey
D:14:     layout_cave_pools, hangedman_vaults_entry_quadrant_bands,
          serial_park_square3 [serial_park_minivault_5x5_4]
Temple:   regret_index_temple_sigil_plot
Lair:1:   layout_regular_city
Lair:2:   beast_lair_carwin_large_1, layout_cave_pods, elwin_shoals_entry_rooms,
          st_stairs_3, grunt_megastairs_3, serial_bayou_shore_b
Lair:3:   minmay_lair_oklob_tunnel, layout_loops_ring,
          gammafunk_ghost_berserking_beasts, basic_altar,
          chequers_serial_rivers_micro_b
Lair:4:   layout_cave_pods, spider_nest_entry_a
Lair:5:   layout_loops_ring, uniq_urug
Lair:6:   guppyfry_lair_end_dragon, layout_hall_layers, wormcave,
          minmay_slime_entry_pillars, infiniplex_staircase_pool_2
Shoals:1: layout_shoals, serial_shops, shop, nicolae_shop_hallway_stairs
Spider:1: layout_spider_delve, uniq_donald

Skill      XL: |  1  2  3  4  5  6  7  8  9 10 11 12 13 14 |
---------------+-------------------------------------------+-----
Stealth        | 1 2 3 4 5 8 10 | 10.0
Maces & Flails | 1 |  1.1
Fighting       | 2 3 5 6 7 10 12 | 12.5
Crossbows      | 3 4 5 |  5.0
Spellcasting   | 2 3 4 5 6 7 9 10 | 10.9
Dodging        | 3 4 |  4.0
Evocations     | 1 3 |  3.0
Polearms       | 1 2 |  2.0
Conjurations   | 2 4 5 6 7 9 11 | 11.0
Air Magic      | 2 4 5 |  5.0
Poison Magic   | 3 5 6 |  6.0
Summonings     | 1 4 |  4.0
Fire Magic     | 2 4 |  4.0
Earth Magic    | 6 7 8 |  8.0
Ice Magic      | 3 4 6 |  6.0
Staves         | 2 |  2.4
Hexes          | |  3.0

Action                   |  1- 3 |  4- 6 |  7- 9 | 10-12 | 13-15 || total
-------------------------+-------+-------+-------+-------+-------++-------
Melee: Short sword       |     5 |       |       |       |       ||     5
       Mace              |    29 |    29 |    39 |    58 |       ||   155
       Constrict         |    10 |    21 |    30 |    63 |    25 ||   149
       Tentacles         |     7 |    15 |    31 |    91 |    36 ||   180
       Spear             |       |    67 |   121 |   221 |       ||   409
       Scimitar          |       |       |     3 |       |       ||     3
       Falchion          |       |       |     6 |    47 |       ||    53
       Hand crossbow     |       |       |       |     6 |       ||     6
       Quarterstaff      |       |       |       |       |   108 ||   108
 Fire: Hand crossbow     |    58 |    84 |   108 |   232 |    22 ||   504
Throw: Dart              |       |       |     6 |     1 |     2 ||     9
 Cast: Slow              |     1 |    19 |    55 |    48 |     7 ||   130
       Mephitic Cloud    |       |       |    13 |    98 |    18 ||   129
       Sticky Flame      |       |       |       |    33 |    25 ||    58
       Iron Shot         |       |       |       |    23 |    51 ||    74
       Call Canine Famil |       |       |       |     2 |       ||     2
       Poisonous Vapours |       |       |       |     4 |       ||     4
       Olgreb's Toxic Ra |       |       |       |     2 |    16 ||    18
       Freezing Cloud    |       |       |       |       |   104 ||   104
Evoke: Wand              |       |       |     1 |    11 |     1 ||    13
  Use: Scroll            |       |       |     6 |     9 |     8 ||    23
       Potion            |       |       |     3 |     7 |     3 ||    13
 Stab: Sleeping          |     1 |     4 |     1 |     3 |       ||     9
       Confused          |       |       |     3 |    27 |     4 ||    34
       Paralysed         |       |       |       |     3 |       ||     3
       Distracted        |       |       |       |       |     2 ||     2
Armor: Skin              |    10 |    15 |    10 |    12 |    10 ||    57
Dodge: Dodged            |    38 |    49 |   100 |   165 |    73 ||   425

Table legend: (Time is in decaauts)
 A = Elapsed time spent in this place.
 B = Non-inter-level travel time spent in this place.
 C = Inter-level travel time spent in this place.
 D = Time resting spent in this place.
 E = Time spent auto-exploring this place.
 F = Levels seen in this place.
 G = Mean time per level.
                   A        B        C        D        E       F      G
               +--------+--------+--------+--------+--------+-----+--------+
         Total |  30087 |  27287 |   2800 |   7978 |   9067 |  24 | 1253.6 |
       Dungeon |  18328 |  16633 |   1695 |   4284 |   7130 |  14 | 1309.1 |
        Temple |    130 |    105 |     25 |      0 |     80 |   1 |  130.0 |
          Lair |  11248 |  10168 |   1080 |   3478 |   1857 |   6 | 1874.7 |
        Shoals |      1 |      1 |      0 |      0 |      0 |   1 |    1.0 |
   Spider Nest |      8 |      8 |      0 |      0 |      0 |   1 |    8.0 |
         Sewer |    369 |    369 |      0 |    215 |      0 |   1 |  369.0 |
               +--------+--------+--------+--------+--------+-----+--------+

Top non-repeatable levels by time:
  Lair:6: 2663 daAuts
     D:7: 2400 daAuts
  Lair:3: 2179 daAuts
  Lair:4: 2146 daAuts
     D:9: 1783 daAuts
  Lair:2: 1705 daAuts
  Lair:5: 1676 daAuts
     D:8: 1623 daAuts
     D:6: 1598 daAuts
     D:5: 1552 daAuts
    D:10: 1520 daAuts
     D:2: 1441 daAuts
    D:13: 1355 daAuts
    D:12: 1160 daAuts
     D:4: 1093 daAuts
